Map: Ultralove

Players

conemar

  • Race: Zerg Zerg
  • League: Gold
  • Spawn Location: 1:00

chickenrapto - Winner!

  • Race: Zerg Zerg
  • League: Gold
  • Spawn Location: 7:00

VOD

Have the link to the VOD?

Description

Time

  • Played on: Dec. 5, 2024, 8:14 p.m.
  • Length: 27:51
Show
View Real Time Build Order
Export as new Build Order

conemar Zerg 

Build Orders: Pool First, Lurkers 

Get SALT Encoding   

  12  0:18  Drone x2  
  14  0:29  Spawning Pool  
  14  0:31  Drone  
  14  0:50  Extractor  
  13  1:06  Overlord  
  13  1:07  Drone  
  14  1:28  Hatchery  
  14  1:30  Queen  
  15  1:34  Drone  
  15  1:39  Overlord  
  16  1:48  Drone  
  16  1:50  Drone  
  18  1:59  Metabolic Boost  
  18  2:12  Queen  
  20  2:19  Overlord  
  20  2:25  Zergling x4  
  22  2:32  Zergling x2  
  23  2:41  Zergling x2  
  24  2:46  Zergling x6  
  27  2:52  Zergling x2  
  27  2:54  Zergling x2  
  29  3:22  Zergling x6  
  29  3:23  Zergling x14  
  37  3:39  Overlord  
  34  3:46  Zergling x10  
  39  3:54  Zergling x6  
  28  4:18  Zergling x2  
  28  4:19  Zergling x14  
  31  4:44  Zergling x10  
  21  5:32  Drone x5  
  26  5:38  Drone  
  26  5:39  Drone x4  
  31  5:58  Spine Crawler, Evolution Chamber  
  31  6:00  Evolution Chamber, Spine Crawler  
  27  6:07  Drone x3  
  27  6:11  Drone x3  
  31  6:16  Extractor  
  32  6:19  Extractor  
  32  6:24  Evolution Chamber  
  32  6:25  Drone x3  
  33  6:28  Drone  
  34  6:34  Drone x3  
  34  6:38  Lair  
  37  6:42  Drone  
  37  6:43  Drone x3  
  41  6:48  Zerg Melee Weapons Level 1  
  41  7:00  Drone x4  
  45  7:04  Drone x2  
  45  7:08  Extractor  
  46  7:11  Zerg Missile Weapons Level 1  
  46  7:17  Drone x3  
  46  7:21  Zerg Ground Armor Level 1  
  49  7:30  Pneumatized Carapace  
  49  7:33  Overlord x2  
  49  7:43  Hydralisk Den  
  48  7:45  Overseer  
  48  8:09  Overlord x2  
  48  8:11  Hydralisk x3  
  48  8:12  Hydralisk x2  
  58  8:24  Lurker Den  
  57  8:42  Drone x2  
  59  9:15  Grooved Spines  
  59  9:21  Drone  
  59  9:22  Lurker  
  59  9:23  Lurker x4  
  65  9:26  Drone, Hydralisk  
  65  9:27  Hydralisk  
  65  9:29  Overlord, Hydralisk  
  72  9:33  Hydralisk  
  74  9:50  Hydralisk x2  
  78  10:09  Lurker  
  78  10:11  Muscular Augments  
  79  10:20  Lurker  
  80  10:24  Hydralisk  
  82  10:33  Lurker  
  83  10:40  Hydralisk  
  85  11:19  Overlord x3  
  85  11:23  Zerg Melee Weapons Level 2  
  85  11:48  Extractor  
  85  11:49  Hatchery  
  85  11:52  Spine Crawler, Extractor  
  81  11:59  Drone  
  81  12:00  Spine Crawler, Drone x4  
  81  12:01  Spore Crawler  
  84  12:02  Spore Crawler, Queen  
  85  12:15  Spore Crawler, Hydralisk  
  86  12:19  Spore Crawler  
  83  12:25  Spore Crawler  
  83  12:27  Spore Crawler  
  66  13:24  Drone, Hydralisk  
  66  13:25  Hydralisk  
  61  13:49  Hatchery  
  54  14:03  Lurker x2  
  54  14:07  Lurker x2  
  49  14:32  Hydralisk  
  49  14:33  Hydralisk x7  
  49  14:34  Hydralisk  
  59  14:42  Zerg Missile Weapons Level 2  
  56  14:54  Hydralisk x2, Queen  
  62  15:01  Hydralisk  
  62  15:03  Queen  
  66  15:11  Hydralisk x6  
  66  15:12  Hydralisk  
  80  15:40  Spine Crawler  
  79  15:43  Spine Crawler  
  79  15:44  Spore Crawler  
  79  15:48  Spore Crawler  
  62  16:25  Spine Crawler  
  62  16:29  Spine Crawler  
  62  16:31  Evolution Chamber  
  59  16:34  Evolution Chamber  
  58  16:42  Evolution Chamber, Drone x3  
  58  16:46  Drone x3  
  63  16:50  Queen  
  63  16:51  Drone x3  
  68  16:59  Zerg Ground Armor Level 2  
  68  17:34  Drone x3  
  68  17:35  Drone x2  
  73  17:39  Lurker x2  
  76  17:44  Drone x3  
  76  17:48  Queen  
  76  17:50  Infestation Pit  
  79  17:53  Drone x3  
  82  18:02  Overlord  
  82  18:05  Overlord x2  
  82  18:17  Overlord x3  
  82  18:25  Drone x3  
  82  18:26  Drone x2  
  87  18:29  Hive  
  87  18:33  Drone x3  
  90  19:01  Drone  
  91  19:09  Drone x2  
  93  19:11  Drone  
  93  19:12  Drone  
  95  19:23  Hydralisk  
  95  19:24  Hydralisk x3  
  95  19:27  Lurker x2  
  95  19:28  Overseer x2  
  105  19:40  Seismic Spines  
  105  19:41  Zerg Melee Weapons Level 3  
  105  19:44  Zerg Ground Armor Level 3  
  105  19:46  Zerg Missile Weapons Level 3  
  105  19:53  Overseer  
  105  19:56  Hydralisk x3  
  79  20:44  Lurker x3  
  79  20:47  Hydralisk x3  
  79  20:48  Hydralisk x4  
  96  20:51  Hydralisk x5  
  96  20:55  Hydralisk  
  97  21:31  Lurker  
  97  21:32  Lurker x3  
  99  21:33  Hydralisk  
  99  21:34  Hydralisk x5  
  111  21:47  Adaptive Talons  
  111  22:32  Hydralisk  
  111  22:33  Hydralisk x2  
  111  22:35  Extractor  
  116  22:40  Extractor  
  116  22:43  Hatchery  
  102  23:19  Lurker x3  
  85  23:21  Drone x3  
  84  23:29  Spore Crawler  
  84  23:31  Spore Crawler  
  84  23:33  Spore Crawler  
  81  23:35  Spore Crawler  
  81  23:36  Spore Crawler  
  81  23:38  Spore Crawler  
  64  23:52  Hydralisk x2  
  57  23:57  Hydralisk x4  
  57  23:58  Hydralisk x4  
  73  24:11  Drone x2  
  73  24:16  Spore Crawler  
  74  24:21  Spore Crawler  
  74  24:23  Spore Crawler  
  72  24:26  Spore Crawler  
  72  24:27  Lurker  
  72  24:28  Lurker  
  72  24:29  Drone x2  
  75  25:00  Drone x3  
  75  25:05  Drone x4  
  75  25:06  Drone x5  
  87  25:14  Lurker x3  
  87  25:15  Lurker x2  
  92  25:28  Drone  
  92  25:29  Drone  
  79  25:53  Lurker x3  
  32  26:44  Drone  
  32  26:45  Drone x2  
  35  26:54  Extractor  
  34  27:02  Drone  
  34  27:07  Drone  
  36  27:12  Spawning Pool  
  35  27:20  Drone  
Show
View Real Time Build Order
Export as new Build Order

chickenrapto Zerg - Winner!

Build Orders: Pool First 

Get SALT Encoding   

  12  0:00  Drone  
  13  0:12  Overlord  
  13  0:16  Drone  
  14  0:24  Drone, Extractor  
  15  0:31  Drone  
  16  0:44  Spawning Pool  
  16  0:45  Drone  
  16  0:52  Drone, Extractor  
  16  1:00  Drone  
  17  1:22  Hatchery  
  17  1:23  Drone  
  17  1:25  Drone  
  18  1:38  Queen  
  20  1:46  Zergling x2  
  21  1:50  Overlord  
  21  1:59  Zergling x2  
  22  2:01  Metabolic Boost  
  22  2:09  Drone  
  23  2:24  Drone x2  
  25  2:34  Queen  
  27  2:38  Zergling x4  
  29  2:48  Overlord  
  29  2:49  Zergling x4  
  31  2:57  Zergling x6  
  34  2:58  Zergling x2  
  35  3:06  Overlord  
  35  3:19  Zergling x10  
  40  3:32  Zergling x4  
  32  3:43  Zergling x4  
  34  3:53  Zergling x8  
  36  3:59  Queen x2  
  36  4:01  Zergling x2  
  36  4:02  Zergling x2  
  31  4:26  Drone x4  
  31  4:27  Drone x4  
  38  4:37  Evolution Chamber  
  37  4:39  Evolution Chamber  
  37  4:41  Overlord  
  37  4:42  Zergling x2  
  37  4:46  Drone  
  38  4:52  Spine Crawler  
  37  5:01  Zergling x6  
  37  5:04  Zerg Melee Weapons Level 1  
  40  5:12  Zergling x2  
  40  5:13  Zergling x8  
  38  5:24  Zergling x2  
  38  5:25  Zergling x6  
  38  5:37  Drone x2  
  40  5:45  Drone  
  40  5:46  Drone x5  
  46  5:55  Overlord  
  46  5:56  Drone  
  47  5:58  Lair  
  47  6:07  Zergling x4  
  49  6:14  Baneling Nest  
  49  6:16  Drone x5  
  49  6:17  Extractor  
  49  6:18  Extractor  
  51  6:19  Drone  
  52  6:34  Overlord  
  52  6:35  Drone x2  
  52  6:36  Drone  
  52  6:39  Extractor  
  54  6:45  Drone  
  54  6:46  Drone x7  
  62  6:55  Overlord  
  62  7:00  Drone  
  63  7:04  Zerg Melee Weapons Level 2  
  63  7:06  Zerg Ground Armor Level 1  
  63  7:09  Zergling x4  
  65  7:20  Drone x7  
  72  7:41  Drone x2  
  72  7:42  Overlord  
  74  7:46  Overlord  
  74  7:49  Spire, Zergling x6  
  76  7:53  Overlord x2  
  76  7:55  Hatchery  
  75  8:03  Zergling x6  
  78  8:09  Baneling  
  78  8:10  Baneling x4  
  78  8:14  Overlord, Zergling x2  
  79  8:28  Overlord  
  79  8:37  Roach Warren  
  79  8:40  Overlord  
  79  8:41  Zergling x2  
  79  8:42  Drone  
  79  8:46  Zergling x6  
  79  8:47  Zergling x2  
  84  9:00  Drone  
  84  9:01  Drone x4  
  89  9:03  Zerg Flyer Weapons Level 1  
  89  9:17  Baneling x8  
  89  9:19  Glial Reconstitution  
  89  9:23  Zerg Ground Armor Level 2  
  89  9:26  Zerg Missile Weapons Level 1, Mutalisk x4  
  89  9:27  Overlord  
  97  9:32  Drone x8  
  97  9:34  Overlord  
  105  9:38  Extractor  
  105  9:39  Extractor  
  105  9:40  Zergling x2  
  105  9:41  Zergling x2  
  105  9:53  Drone  
  105  9:54  Drone x2  
  105  9:55  Hatchery  
  105  9:59  Overseer  
  107  10:01  Zergling x2  
  107  10:02  Zergling x14  
  115  10:11  Mutalisk  
  115  10:12  Mutalisk  
  119  10:14  Mutalisk  
  119  10:17  Queen  
  123  10:25  Mutalisk x3  
  125  11:02  Zergling x2  
  125  11:03  Zergling x20  
  136  11:07  Baneling x3  
  136  11:08  Baneling x4  
  136  11:32  Overlord x2  
  136  11:35  Zergling x4  
  136  11:36  Overlord, Zergling x14  
  145  11:40  Drone  
  145  11:41  Drone x5  
  151  11:48  Overlord x3  
  151  11:50  Queen  
  153  12:07  Overlord x2  
  153  12:32  Drone  
  153  12:33  Overlord, Zergling x2, Drone x5  
  153  12:34  Zergling x16  
  168  12:45  Overseer  
  151  12:56  Overlord, Zergling x2  
  151  12:58  Drone x6  
  136  13:13  Drone  
  136  13:14  Drone x9  
  130  13:47  Overlord  
  130  13:49  Queen  
  130  13:50  Queen x3  
  130  13:51  Overlord  
  130  13:52  Overlord  
  137  13:56  Overlord  
  137  13:59  Baneling  
  137  14:00  Baneling x9  
  137  14:07  Baneling  
  137  14:08  Baneling x12  
  110  14:38  Zergling x12  
  96  14:39  Zergling x10  
  103  15:18  Zergling x16  
  103  15:19  Zergling x14  
  118  15:24  Infestation Pit  
  105  15:28  Centrifugal Hooks  
  105  15:32  Baneling x9  
  105  15:34  Baneling x7  
  105  15:35  Baneling x2  
  86  15:56  Zergling x24  
  86  15:57  Zergling x12  
  74  16:13  Overseer  
  74  16:14  Overseer x3  
  69  16:23  Hatchery  
  66  16:29  Extractor  
  66  16:31  Extractor  
  64  16:36  Spore Crawler  
  63  16:41  Spine Crawler, Overlord  
  63  16:43  Zergling x2  
  63  16:44  Spine Crawler, Zergling x14  
  69  16:52  Infestation Pit  
  68  16:59  Zergling x6  
  71  17:07  Queen  
  72  17:09  Zerg Missile Weapons Level 2  
  60  17:16  Baneling  
  55  17:27  Overseer  
  52  17:44  Hive  
  52  17:46  Zerg Flyer Armor Level 1  
  52  17:51  Queen  
  54  18:07  Drone  
  54  18:08  Drone x8  
  54  18:09  Drone x3  
  54  18:10  Overlord  
  54  18:11  Zergling x2  
  54  18:12  Zergling x8  
  71  18:13  Zergling x6  
  71  18:14  Baneling  
  71  18:15  Baneling x3  
  74  18:27  Queen  
  74  18:28  Burrow  
  76  18:45  Overlord, Extractor  
  76  18:47  Extractor  
  74  18:51  Zergling x2  
  74  18:52  Zergling x28  
  89  18:56  Zerg Melee Weapons Level 3  
  89  18:59  Adrenal Glands  
  89  19:08  Ultralisk Cavern  
  88  19:10  Zergling x2  
  88  19:11  Zergling x18  
  88  19:14  Baneling x3  
  88  19:15  Baneling x10  
  98  19:25  Zerg Ground Armor Level 3  
  98  19:38  Overlord  
  98  19:39  Overlord  
  98  19:43  Drone x3  
  98  19:44  Drone x12  
  113  19:50  Overlord  
  113  19:55  Hatchery  
  112  20:04  Anabolic Synthesis  
  112  20:06  Ultralisk x3  
  112  20:07  Ultralisk x6  
  166  20:11  Ultralisk  
  130  20:46  Extractor  
  129  20:55  Zergling x2  
  129  20:56  Zergling x52  
  106  21:40  Ultralisk  
  106  21:41  Ultralisk x4  
  106  21:42  Overlord  
  106  21:46  Drone x3  
  139  21:47  Drone  
  139  22:10  Ultralisk x2  
  139  22:11  Overlord  
  139  22:12  Zergling x4  
  145  22:20  Overseer  
  145  22:21  Overseer  
  143  22:28  Chitinous Plating  
  143  22:29  Zergling x2  
  144  22:30  Zergling x14  
  141  23:11  Drone x11  
  141  23:12  Drone x8  
  148  23:29  Hatchery  
  145  23:37  Zergling x2  
  145  23:38  Zergling x2  
  145  23:39  Zergling x18  
  101  24:10  Ultralisk x6  
  101  24:12  Ultralisk  
  143  24:22  Pneumatized Carapace  
  143  24:28  Roach x6  
  155  24:44  Drone  
  155  24:45  Drone x8  
  164  25:31  Zergling x26  
  164  25:32  Zergling x8  
  170  25:51  Ultralisk x5  
  170  25:54  Overlord x2  
  192  26:17  Ultralisk  
  190  26:19  Zergling x10  
  190  26:20  Zergling x10  
  182  26:41  Zergling x6  
  182  26:42  Zergling x8  
Tags
 
Composition
Lurkers
League
GoldGold
Matchup
ZvZ
Race
Zerg
Spawn Locations
Cross Positions
Add a new tag
Caveats
  • Supply blocks, unpowered buildings, or Contaminate may cause inaccurate times.
  • Supply counts are checked every 10 seconds.